 Dungeon Crawl Stone Soup version 0.29-a0-817-g9904bce7a6 (webtiles) character file.

Game seed: 15967405795711656829

19 zeratav the Stinger (level 2, 0/17 HPs)
             Began as an Octopode Venom Mage on July 6, 2022.
             Frozen to death by an endoplasm (5 damage)
             ... on level 1 of the Dungeon.
             The game lasted 00:00:56 (893 turns).

zeratav the Stinger (Octopode Venom Mage)            Turns: 893, Time: 00:00:57

Health: 0/17       AC:  1    Str:  7    XL:     2   Next: 75%
Magic:  2/5        EV: 13    Int: 17    God:
Gold:   45         SH:  0    Dex: 12    Spells: 4/5 levels left

rFire   . . .      SeeInvis .   d - +0 club {mace}
rCold   . . .      Faith    .   (no shield)
rNeg    . . .      Spirit   .   (helmet restricted)
rPois   .          Reflect  .   (no amulet)
rElec   .          Harm     .   (no ring)
rCorr   .          Rampage  .   (no ring)
Will    .....                   (no ring)
Stlth   +++.......              (no ring)
HPRegen 0.05/turn               (no ring)
MPRegen 0.09/turn               (no ring)
                                (no ring)
                                (no ring)

@: no status effects
A: almost no armour, amphibious, 8 rings, camouflage 1, gelatinous body 1,
(nimble swimmer 1), tentacles
a: no special abilities


You were on level 1 of the Dungeon.
You visited 1 branch of the dungeon, and saw 1 of its levels.

You collected 45 gold pieces.


Innate Abilities, Weirdness & Mutations

You cannot wear most types of armour.
You are amphibious.
You can wear up to eight rings at the same time.
Your skin changes colour to match your surroundings (Stealth+).
Your rubbery body absorbs attacks. (AC +1, EV +1)
((You are camouflaged when in or above water. (Stealth+)))
You have tentacles for arms and can constrict up to eight enemies at once.


   Skills:
 - Level 2.0 Dodging
 + Level 3.7 Stealth
 - Level 2.0 Spellcasting
 - Level 1.0 Transmutations
 + Level 4.2 Poison Magic


You had 4 spell levels left.
You knew the following spells:

 Your Spells              Type           Power      Damage    Failure   Level
a - Sting                 Tmut/Pois      40%        1d5       7%          1

Your spell library contained the following spells:

 Spells                   Type           Power      Damage    Failure   Level
 Poisonous Vapours        Pois/Air       16%        N/A       12%         2
 Mephitic Cloud           Conj/Pois/Air  6%         N/A       32%         3
 Olgreb's Toxic Radiance  Pois           16%        N/A       32%         4

Inventory:

Hand Weapons
 d - a +0 club (weapon) {mace}
   (You took it off a kobold on level 1 of the Dungeon)
Scrolls
 b - a scroll of vulnerability {unknown}
Potions
 a - a potion of magic
 c - a potion of berserk rage {unknown}
 e - a potion of ambrosia {unknown}
 f - a potion of flight {unknown}

Dungeon Overview and Level Annotations

Branches:
Dungeon (1/15) Zot: 5102

Altars:

#.# #.# # .# #.# .# #.#
#. ###.###.# #.# #.#
#..#....# #.#
...#####.###.######†#
........## ##...#...###
...####..###..#.#J#...#
.##.......#.#.#.@†..#.#
.##........##...###...#
.##..###.####...# #.).#
.....# #.# #..## ##..#
.)...# #.# #..# #..#
.....# #.# #... ...#
..#..# #.# #|.#. #..#
..#..# #.. ...## #..#
#......... .... ...#


You could see an endoplasm.


Message History

You hit the bat but do no damage. Your grab misses the bat. The bat hits you.
HP[-1]
You take 1 damage, and now have 16/17 hp.
You can't see any susceptible monsters within range! (Use Z to cast anyway.)
You can't see any susceptible monsters within range! (Use Z to cast anyway.)
A bat is nearby!
A bat is nearby!
The sting misses the bat.
The bat barely misses you.
MP[-1]
You lost 1 mp, and now have 2/5 mp.
The sting hits the bat.
The bat is poisoned.
You kill the bat!
MP[-1]
You lost 1 mp, and now have 1/5 mp.
You can't see any susceptible monsters within range! (Use Z to cast anyway.)
f - a golden potion HP[+1] MP[+4]
Your hp is fully restored (17).
Your mp is fully restored (5).
You now have 45 gold pieces (gained 11).
A goblin comes into view. It is wielding a +0 dagger.
A goblin is nearby!
A rat comes into view.
The sting hits the goblin.
The goblin is poisoned.
You kill the goblin!
MP[-1]
You lost 1 mp, and now have 4/5 mp.
You can't see any susceptible monsters within range! (Use Z to cast anyway.)
You can't see any susceptible monsters within range! (Use Z to cast anyway.)
A rat is nearby!
You can't see any susceptible monsters within range! (Use Z to cast anyway.)
A kobold comes into view. It is wielding a +0 dagger.
You see here a +0 dagger {short}.
The sting hits the rat.
The rat is poisoned.
You kill the rat!
MP[-1]
You lost 1 mp, and now have 3/5 mp.
You can't see any susceptible monsters within range! (Use Z to cast anyway.)
You can't see any susceptible monsters within range! (Use Z to cast anyway.)
A kobold is nearby!
A bat comes into view.
The kobold shouts!
The sting hits the kobold.
The kobold is poisoned.
The kobold closely misses you.
A quokka comes into view.
MP[-1]
You lost 1 mp, and now have 2/5 mp.
The sting hits the kobold.
The kobold looks even sicker.
You kill the kobold!
MP[-1]
You lost 1 mp, and now have 1/5 mp.
The sting misses the quokka.
An endoplasm comes into view.
MP[-1]
You lost 1 mp, and now have 0/5 mp.
You are out of magic!
You are out of magic!
The bat attacks as you move away! The bat misses you.
The bat closely misses you. The quokka bites you. The bat closely misses you.
The endoplasm quivers.
You see here a +0 dagger {short}.
HP[-1] MP[+1]
You take 1 damage, and now have 16/17 hp.
The bat hits you but does no damage. The quokka closely misses you. x2
The bat closely misses you. The bat closely misses you.
The bat barely misses you.
You hit the bat.
You kill the bat!
The quokka barely misses you.
You barely miss the quokka. You grab the quokka.
You constrict the quokka, but do no damage.
The quokka barely misses you.
You hit the quokka but do no damage. You constrict the quokka.
The quokka bites you. The endoplasm hits you. The endoplasm misses you.
The quokka closely misses you.
HP[-4]
You take 4 damage, and now have 12/17 hp.
MASSIVE DAMAGE!! (PAUSE)
You barely miss the quokka. Your squeeze misses the quokka.
You constrict the quokka. The quokka barely misses you.
The endoplasm freezes you.
You are frozen.
* * * LOW HITPOINT WARNING * * *
HP[-5]
You take 5 damage, and now have 7/17 hp.
MASSIVE DAMAGE!! (PAUSE)
You hit the quokka. You constrict the quokka. The quokka barely misses you.
The endoplasm barely misses you. The quokka barely misses you.
MP[+1]
You barely miss the endoplasm. You constrict the quokka.
You kill the quokka!
The endoplasm freezes you.
You are frozen.
* * * LOW HITPOINT WARNING * * *
The endoplasm hits you but does no damage.
HP[-2]
You take 2 damage, and now have 5/17 hp.
You hit the endoplasm. You squeeze the endoplasm. The endoplasm freezes you.
You are frozen.
You die...

Skill      XL: |  1  2 |
---------------+-------+-----
Stealth        | 3 |  3.7
Poison Magic   | 4 |  4.2
Dodging        | |  2.0
Spellcasting   | |  2.0
Transmutations | |  1.0

Action                   || total
-------------------------++-------
Melee: Club              ||    13
       Tentacles         ||     4
       Unarmed           ||     2
       Constrict         ||     2
 Cast: Sting             ||    24
Armor: Skin              ||     3
Dodge: Dodged            ||    23

Levels and vault maps discovered:
D:1:      dpeg_arrival_leaves_temple_mockup, layout_loops_ring, minmay_ruptured

Notes
Turn   | Place    | Note
-------+----------+-------------------------------------------
     0 | D:1      | zeratav the Octopode Venom Mage began the quest for the
                  | Orb.
     0 | D:1      | Reached XP level 1. HP: 11/11 MP: 3/3
     0 | D:1      | magus.rc [v1.9.6]
   111 | D:1      | Reached skill level 3 in Stealth
   450 | D:1      | Reached XP level 2. HP: 8/17 MP: 1/5
   465 | D:1      | Reached skill level 4 in Poison Magic
   893 | D:1      | Frozen to death by an endoplasm

Vanquished Creatures
  3 bats (D:1)
  2 endoplasms (D:1)
  A giant cockroach (D:1)
  A hobgoblin (D:1)
  3 kobolds (D:1)
  3 quokkas (D:1)
  A ball python (D:1)
  A frilled lizard (D:1)
  A goblin (D:1)
  2 rats (D:1)
18 creatures vanquished.

Table legend:
 A = Non-vault XP
 B = Vault XP
 C = Vault XP percentage of total XP
 D = Non-vault monster count
 E = Vault monster count
 F = Vault count percentage of total count
                 A         B        C        D         E       F
            +---------+---------+-------+---------+---------+-------
      Total |      26 |       2 |   7.1 |      17 |       1 |   5.6
            +---------+---------+-------+---------+---------+-------
        D:1 |      26 |       2 |   7.1 |      17 |       1 |   5.6
            +---------+---------+-------+---------+---------+-------

Illustrated notes

Table legend:
 A = Kills in this place as a percentage of kills in entire the game.
 B = Kills by you in this place as a percentage of kills by you in the entire game.
 C = Kills by friends in this place as a percentage of kills by friends in the entire game.
 D = Other kills in this place as a percentage of other kills in the entire game.
 E = Experience gained in this place as a percentage of experience gained in the entire game.
 F = Experience gained in this place divided by the number of levels of this place that you have seen.
                   A       B       C       D       E      F
               +-------+-------+-------+-------+-------+----------------------
         Total | 100.0 | 100.0 |   N/A |   N/A | 100.0 |  28.0
       Dungeon | 100.0 | 100.0 |   N/A |   N/A | 100.0 |  28.0
               +-------+-------+-------+-------+-------+----------------------

Table legend: (Time is in decaauts)
 A = Elapsed time spent in this place.
 B = Non-inter-level travel time spent in this place.
 C = Inter-level travel time spent in this place.
 D = Time resting spent in this place.
 E = Time spent auto-exploring this place.
 F = Levels seen in this place.
 G = Mean time per level.
                   A        B        C        D        E       F      G
               +--------+--------+--------+--------+--------+-----+--------+
         Total |    896 |    896 |      0 |    482 |    313 |   1 |  896.0 |
       Dungeon |    896 |    896 |      0 |    482 |    313 |   1 |  896.0 |
               +--------+--------+--------+--------+--------+-----+--------+

Top non-repeatable levels by time:
     D:1: 896 daAuts
